cohdb
Replays
Latest Replays
All Replays
Popular Replays
Top Player Replays
Match Explorer
How It Works
Community
CoH3 Stats
Reddit
Sign in to upload your games and track your stats! →
Sign in with Steam
Match 41541947
Unlisted
Match 41541947
Overview
Messages
Build Orders
End
Kradschützen Motorcycle Team
Selects Panzerjäger Kommand Battlegroup
Selects Mine Fields
Panzergrenadier Squad
Panzergrenadier Squad
Panzergrenadier Squad
Construct Light Support Kompanie
Fire Support Elements
Flakvierling Half-track
2.5-tonne Medical Truck
Selects Defensive Positions
Veteran Squad Leaders
Panzerjäger Mechanized Group
Construct Panzerarmee Kommand
Selects Tank Busters
Selects Crew Shock Tactics
Walking Stuka Rocket Launcher
2.5-tonne Medical Truck
Armored Reserves
Panzerjäger Squad
StuG Assault Group
Selects Anti-tank Overwatch
2.5-tonne Medical Truck
Tiger Heavy Tank
Selects Butterfly Bomb Drop
Walking Stuka Rocket Launcher
Fruti2k
Gosling Svodovich
KotJ44
tater
fuuyyy
Peruz
0
0
Comments
sign in to comment!
No comments posted yet!